 Dungeon Crawl Stone Soup version 0.31-a0-4-gefa6de2278 (webtiles) character file.

Game seed: 10743084782607534049

142302 Anon1729 the Merfolkian Blade (level 17, -1/134 HPs)
             Began as a Merfolk Monk on May 4, 2023.
             Was the Champion of Hepliaklqana.
             Slain by a bunyip (44 damage)
             ... on level 2 of the Swamp.
             The game lasted 00:51:15 (30138 turns).

Anon1729 the Merfolkian Blade (Merfolk Monk)       Turns: 30138, Time: 00:51:16

Health: -1/134     AC: 15    Str:  9    XL:     17   Next: 35%
Magic:  20/20      EV: 40    Int: 15    God:    Hepliaklqana [******]
Gold:   1989       SH:  0    Dex: 31    Spells: 16/16 levels left

rFire   . . .        a - +7 triple sword (heavy)
rCold   + . .        (shield currently unavailable)
rNeg    + + +        c - +4 troll leather armour of the Fiddle {+Blink rElec rPois Regen+ Str-5}
rPois   +            (no helmet)
rElec   +            (no cloak)
rCorr   .            P - +3 pair of gloves of Wu Jian's Hatred {-Cast rN+++ Dex+6}
SInv    .            L - +2 pair of boots
Will    ++...        (no amulet)
Stlth   +++          w - ring of Cuirig {Ice Str+3 Dex+2}
HPRegen 1.22/turn    k - ring "Ceucs" {rF+ Will+ EV+5 Int+4 Stlth+}
MPRegen 0.17/turn

%: no spellcasting
@: studying 2 skills
A: reduced essence, (nimble swimmer 2), mertail
a: Renounce Religion, Evoke Blink, Recall Ancestor, Ancestor Identity,
Transference, Idealise


You were on level 2 of the Swamp.
You worshipped Hepliaklqana.
Hepliaklqana was exalted by your worship.
You visited 5 branches of the dungeon, and saw 25 of its levels.
You also visited: Sewer and Volcano.

You collected 3284 gold pieces.
You spent 1295 gold pieces at shops.

Inventory:

Hand Weapons
 a - a +7 heavy triple sword (weapon)
 b - a +4 scimitar of flaming
 g - the +5 short sword of the Gazing Fool {venom, rPois rF+ Str+5 Int-5}
   (You found it on level 11 of the Dungeon)

   Str:       It affects your strength (+5).
   Int:       It affects your intelligence (-5).
   rF:        It protects you from fire.
   rPois:     It protects you from poison.
Missiles
 n - 11 javelins (quivered)
 s - 47 poisoned darts
 z - 3 datura-tipped darts
 S - 3 throwing nets
Armour
 c - the +4 troll leather armour of the Fiddle (worn) {+Blink rElec rPois Regen+ Str-5}
   (You bought it in a shop on level 2 of the Orcish Mines)

   Str:       It affects your strength (-5).
   rElec:     It insulates you from electricity.
   rPois:     It protects you from poison.
   +Blink:    It lets you blink.
   Regen:     It increases your rate of health regeneration.
 d - an orb of light
 u - an orb of guile
 G - the +3 hat of Pondering {ponderous, Will+ MP+10 Int+5}
   (You took it off Gastronok on level 1 of the Lair of Beasts)

   Int:       It affects your intelligence (+5).
   MP:        It affects your magic capacity (+10).
   Will:      It increases your willpower.
 L - a +2 pair of boots (worn)
 P - the +3 pair of gloves of Wu Jian's Hatred (worn) {-Cast rN+++ Dex+6}
   (You found it on level 1 of the Swamp)

   Dex:       It affects your dexterity (+6).
   rN:        It renders you almost immune to negative energy.
   -Cast:     It prevents spellcasting.
 T - a +2 robe of resistance
Jewellery
 i - a ring of willpower
 k - the ring "Ceucs" (right hand) {rF+ Will+ EV+5 Int+4 Stlth+}
   (You bought it in a shop on level 7 of the Dungeon)

   [ring of evasion]

   EV:        It affects your evasion (+5).
   Int:       It affects your intelligence (+4).
   rF:        It protects you from fire.
   Will:      It increases your willpower.
   Stlth:     It makes you more stealthy.
 v - a ring of resist corrosion
 w - the ring of Cuirig (left hand) {Ice Str+3 Dex+2}
   (You took it off a goblin on level 3 of the Dungeon)

   [ring of ice]

   It enhances your ice magic.
   Str:       It affects your strength (+3).
   Dex:       It affects your dexterity (+2).
   rF:        It makes you vulnerable to fire.
   rC:        It protects you from cold.
 E - a ring of see invisible
 U - an amulet of faith
 Z - a ring of ice
Wands
 r - a wand of mindburst (3)
 y - a wand of iceblast (23)
 D - a wand of acid (8)
 H - a wand of flame (40)
 N - a wand of polymorph (11)
 X - a wand of paralysis (9)
Scrolls
 o - 9 scrolls of fog
 q - 6 scrolls of poison
 C - 2 scrolls of fear
 F - 3 scrolls of magic mapping
 I - 5 scrolls of teleportation
 K - 4 scrolls of immolation
 M - a scroll of torment
 O - a scroll of brand weapon
 Q - a scroll of enchant armour
Potions
 e - a potion of cancellation
 f - 2 potions of berserk rage
 h - 2 potions of flight
 j - 12 potions of curing
 l - 4 potions of haste
 m - 10 potions of heal wounds
 t - 2 potions of might
 x - 8 potions of magic
 A - 5 potions of attraction
 B - 6 potions of ambrosia
 J - 2 potions of brilliance
 R - 3 potions of lignification
 V - 2 potions of mutation
Miscellaneous
 W - a lightning rod (4/4)


   Skills:
 + Level 17.8 Fighting
 * Level 21.6 Long Blades
 + Level 20.8 Dodging
 - Level 3.5 Ice Magic
 * Level 4.9 Invocations
 + Level 2.8 Evocations


You had 16 spell levels left.
You didn't know any spells.
Your spell library contained the following spells:

 Spells                   Type           Power      Damage    Failure   Level
 Freeze                   Ice            64%        1d7       9%          1
 Frozen Ramparts          Ice            32%        1d5       26%         3
 Ozocubu's Armour         Ice            16%        N/A       26%         3
 Ensorcelled Hibernation  Hex/Ice        16%        N/A       28%         2
 Necrotise                Necr           0%         1d4       36%         1
 Shock                    Conj/Air       0%         1d3       36%         1
 Cigotuvi's Dreadful Rot  Necr/Pois/Air  0%         N/A       50%         2
 Passwall                 Tmut/Erth      0%         N/A       50%         2
 Poisonous Vapours        Pois/Air       0%         N/A       50%         2
 Hailstorm                Conj/Ice       8%         3d4       50%         3
 Ignite Poison            Fire/Tmut/Pois 0%         N/A       75%         3
 Inner Flame              Hex/Fire       0%         N/A       75%         3
 Mephitic Cloud           Conj/Pois/Air  0%         N/A       75%         3
 Summon Guardian Golem    Hex/Summ       0%         N/A       75%         3
 Swiftness                Air            0%         N/A       75%         3
 Vampiric Draining        Necr           0%         2d6       75%         3
 Airstrike                Air            0%         2d(0-16)  98%         4
 Flame Wave               Conj/Fire      0%         2d4       98%         4
 Sticky Flame             Conj/Fire      0%         2d3       98%         4
 Metabolic Englaciation   Hex/Ice        4%         N/A       99%         5
 Agony                    Necr           0%         N/A       100%        5
 Freezing Cloud           Conj/Ice/Air   2%         6-21      100%        5
 Summon Forest            Summ/Tloc      0%         N/A       100%        5
 Summon Mana Viper        Hex/Summ       0%         N/A       100%        5
 Simulacrum               Ice/Necr       4%         N/A       100%        6
 Summon Cactus Giant      Summ           0%         N/A       100%        6
 Orb of Destruction       Conj           0%         9d5       100%        7
 Ozocubu's Refrigeration  Ice            8%         4d9       100%        7
 Spellforged Servitor     Conj/Summ      0%         N/A       100%        7
 Ignition                 Fire           0%         3d3       100%        8
 Polar Vortex             Ice            8%         N/A       100%        9


Dungeon Overview and Level Annotations

Branches:
Dungeon (15/15) Temple (1/1) D:6 Lair (5/5) D:9 Swamp (2/4) Lair:3 Snake (0/4) Lair:3 Slime (0/5) Lair:5 Orc (2/2) D:9 Elf (0/3) Orc:2 Vaults (0/5) D:12 D:13 Depths (0/4) D:15 Sewer (visited) Volcano (visited)

Altars:
Ashenzari
Cheibriados
Dithmenos
Elyvilon
Fedhas
Gozag
Hepliaklqana
Kikubaaqudgha
Makhleb
Nemelex Xobeh
Okawaru
Qazlal
Ru
Sif Muna
Trog
Uskayaw
Vehumet
Wu Jian
Xom
Yredelemnul
Zin
The Shining One
Jiyva

Shops:
D:7 *(==!   Orc:1 :   Orc:2 *:([

Annotations:
Lair:3 2 transporters, Votaocegoa's ghost, journeyman GnWn


Innate Abilities, Weirdness & Mutations

Your life essence is reduced to manifest your ancestor. (-10% HP)
((You are very nimble when in or above water. (Stealth+, EV+, Speed+++)))
Your lower body shifts to a powerful aquatic tail in water.


Message History

The spriggan rider completely misses you.
The spriggan rider barely misses you.
The spriggan rider completely misses you.
The alligator completely misses you. x2
You slice the spriggan rider!!
You kill the spriggan rider!
You kill the hornet!
The bunyip howls a warning cry!
The spriggan rider hits you but does no damage.
The alligator misses you. The alligator tail-slaps you.
The spriggan rider misses you.
You hear a roar!
You slice the alligator!!
The alligator is heavily wounded.
The spriggan hits you with a +0 rapier.
The spriggan rider completely misses you.
The alligator completely misses you. The alligator tail-slaps you!
The spriggan rider completely misses you.
The spriggan completely misses you.
You carve the alligator like a ham!!!
You kill the alligator!
The spriggan rider completely misses you. x2
The spriggan hits you but does no damage.
The spriggan hits you with a +0 rapier.
You slice the spriggan!!
You kill the spriggan!
The spriggan rider hits you from afar with a +0 spear!!
The spriggan hits you with a +0 short sword.
The spriggan rider misses you. The spriggan completely misses you.
You chop the spriggan into pieces!!!
You kill the spriggan!
The spriggan rider hits you from afar with a +0 spear.
The spriggan completely misses you.
The spriggan rider completely misses you.
You slice the swamp worm like a ripe choko!!!
You kill the swamp worm!
The spriggan rider completely misses you.
The spriggan closely misses you.
The spriggan rider hits you from afar with a +0 spear!
The bunyip claws you!!! x2
You die...

♣♣♣♣ ♣♣♣♣♣♣♣♣
♣♣.....
.$!....♣♣♣♣.~~~~~~
~~~~~~~..♣.~~~~~~~
.~~~~§§..).~~~~~~
...~~~...~~~§~§..
...~...†~~~...♣♣
♣~.~~.~†~~~~~.i♣♣♣♣
♣♣~~~~~~~†~~.~ix@R♣
♣♣....~~~)~~~~ii♣♣♣
♣~?.~.~~~~....♣♣♣
♣.........~.♣♣♣
.$.....♣~)~♣♣
~~~....~..~♣
~..>~~.i~~♣♣
♣>..~..§~~.♣♣♣♣
♣~...i~†~......


You could see the friendly Henutemipet the hexer, a bunyip (strong), 3 spriggan
riders and a spriggan (ally target).

Vanquished Creatures
  Saint Roka (Orc:2)
  Rupert (D:13)
  Frances (D:14)
  A stone giant (D:15)
  2 eleionomae (Swamp:2)
  Azrael (Orc:2)
  The ghost of Anon1729 the Cleaver, a journeyman MiMo of Uskayaw (D:12)
  Snorg (Lair:4)
  A bunyip (Swamp:1)
  Josephine (D:15)
  An ettin (Orc:2)
  A fire dragon (Volcano)
  7 hydras
  6 centaur warriors
  2 boulder beetles
  4 two-headed ogres
  3 alligators
  2 death yaks (Lair:1)
  3 tengu warriors
  An orc high priest (Orc:2)
  Urug (D:13)
  3 hell knights (D:12)
  Amaemon (Lair:2)
  A fire crab (Lair:4)
  A goliath frog (Swamp:1)
  Nergalle (Lair:1)
  A skyshark (Lair:5)
  5 skeletal warriors
  3 spriggan druids
  A swamp dragon (Swamp:1)
  4 lindwurms
  Pikel (D:8)
  3 orc knights
  3 necromancers
  A mana viper (D:13)
  6 bog bodies
  4 orc sorcerers
  5 ugly things
  3 cyclopes
  2 manticores
  5 elephants
  2 manticores (shapeshifter)
  4 black mambas
  A centaur zombie (D:13)
  2 smoke demons (Volcano)
  3 centaur skeletons (D:13)
  A kobold demonologist (D:10)
  2 molten gargoyles (Lair:5)
  An orange demon (Lair:2)
  4 cane toads
  3 unseen horrors
  10 komodo dragons
  2 rime drakes
  2 tengu conjurers
  6 trolls
  4 tyrant leeches
  6 polar bears
  6 hornets
  17 blink frogs
  4 wyverns
  A shadow (D:11)
  10 wraiths
  9 spriggans
  34 yaks
  2 fire elementals (Orc:2)
  14 humans
  Grum (D:9)
  Eustachio (D:6)
  4 vampire mosquitoes
  4 basilisks
  6 steam dragons
  Menkaure (D:6)
  6 swamp worms
  An acid dragon (D:11)
  12 hell hounds
  7 water moccasins
  A black bear (D:5)
  4 swamp drakes
  28 orc warriors
  5 ice beasts
  A boggart (D:12)
  A boggart (shapeshifter) (D:14)
  4 ogres
  18 wolves
  3 lemures (D:8)
  16 centaurs
  5 kobold brigands
  6 bullfrogs
  A gnoll sergeant (D:6)
  3 scorpions
  8 killer bees
  4 howler monkeys
  2 electric eels
  2 quasits
  4 lava snakes (Lair:5)
  A hound (D:4)
  A jelly (D:4)
  A gnoll bouda (D:8)
  13 orc priests
  A sleepcap (D:6)
  2 iguanas
  19 orc wizards
  Natasha (twice) (D:2)
  A hell rat (Sewer)
  18 gnolls
  6 adders
  3 river rats
  3 shadow imps (D:5)
  4 white imps
  5 ufetubi
  A worm (D:3)
  52 orcs
  2 endoplasms
  4 giant cockroaches
  8 goblins
  2 hobgoblins (D:1)
  8 ball pythons
  6 bats
  3 frilled lizards
  31 kobolds
  13 rats
615 creatures vanquished.

Vanquished Creatures (collateral kills)
  Gastronok (Lair:1)
  A fenstrider witch (Swamp:1)
  A fire dragon (Lair:5)
  2 hydras
  A catoblepas (D:14)
  A death yak (Lair:1)
  2 hell knights (D:12)
  A skeletal warrior (D:12)
  A spriggan druid (Swamp:1)
  A necromancer (D:12)
  An orc knight (Orc:2)
  3 elephants
  A black mamba (Lair:2)
  2 cane toads
  An unseen horror (D:10)
  Maggie (Lair:2)
  2 komodo dragons (Lair:5)
  A troll (D:12)
  3 hornets
  4 blink frogs
  A shadow (D:11)
  9 yaks
  A basilisk (Lair:3)
  2 humans (D:13)
  A fire elemental (Orc:2)
  2 vampire mosquitoes (D:9)
  A hell hound (Orc:2)
  2 orc warriors
  An ice beast (D:9)
  2 sky beasts
  2 wolves
  A centaur (D:7)
  A bullfrog (Lair:4)
  An electric eel (D:8)
  A lava snake (Lair:5)
  4 orc priests
  2 orc wizards
  A gnoll (D:6)
  A white imp (D:7)
  8 orcs
  4 bats (Orc:2)
  6 kobolds
85 creatures vanquished.

Vanquished Creatures (others)
  A centaur (D:14)
  A wolf (Lair:5)
  22 hexers
  An ancestor (D:6)
  An orc (Orc:2)
  A bush (D:14)
  3 demonic plants (D:5)
  25 fungi
  41 plants
96 creatures vanquished.

Grand Total: 796 creatures vanquished

Notes
Turn   | Place    | Note
-------+----------+-------------------------------------------
     0 | D:1      | Anon1729 the Merfolk Monk began the quest for the Orb.
     0 | D:1      | Reached XP level 1. HP: 18/18 MP: 1/1
   137 | D:1      | Reached XP level 2. HP: 19/24 MP: 2/2
   499 | D:1      | Reached skill level 4 in Long Blades
  1008 | D:2      | Reached XP level 3. HP: 22/30 MP: 3/3
  1218 | D:2      | Noticed Natasha
  1235 | D:2      | Killed Natasha
  1236 | D:2      | Reached XP level 4. HP: 37/37 MP: 4/4
  1574 | D:2      | Noticed Natasha
  1583 | D:2      | Killed Natasha
  1584 | D:2      | Reached skill level 5 in Dodging
  1745 | D:3      | Found a glowing golden altar of the Shining One.
  1783 | D:3      | Found an opulent altar of Gozag.
  1824 | D:3      | Reached XP level 5. HP: 35/43 MP: 5/5
  1856 | D:3      | Found a glowing drain.
  1862 | D:3      | Reached skill level 5 in Long Blades
  1873 | Sewer    | Entered a sewer
  2080 | D:3      | Identified the ring of Cuirig {Ice Str+3 Dex+2}
  2729 | D:4      | Reached XP level 6. HP: 12/50 MP: 6/6
  2943 | D:5      | Entered Level 5 of the Dungeon
  2946 | D:5      | Noticed a black bear
  3050 | D:6      | Reached skill level 5 in Fighting
  3119 | D:6      | Noticed an ice beast
  3133 | D:6      | Killed an ice beast
  3188 | D:6      | Noticed Eustachio
  3203 | D:6      | Found a staircase to the Ecumenical Temple.
  3203 | D:6      | Noticed a sky beast
  3247 | D:6      | Noticed Menkaure
  3340 | D:6      | Reached skill level 6 in Long Blades
  3340 | D:6      | Reached XP level 7. HP: 42/56 MP: 7/7
  3812 | D:5      | Found a white marble altar of Elyvilon.
  3841 | D:5      | Reached skill level 7 in Long Blades
  3919 | D:6      | Reached XP level 8. HP: 36/65 MP: 8/8
  4246 | D:5      | Found a shadowy altar of Dithmenos.
  4452 | D:5      | Found a sparkling altar of Nemelex Xobeh.
  5553 | D:6      | Killed Menkaure
  5554 | D:6      | Reached skill level 8 in Long Blades
  5572 | Temple   | Entered the Ecumenical Temple
  5925 | Temple   | Became a worshipper of Hepliaklqana the Forgotten
  5925 | Temple   | Reached * piety under Hepliaklqana
  5925 | Temple   | Reached ** piety under Hepliaklqana
  6129 | D:6      | Remembered your ancestor Henutemipet as a hexer
  6170 | D:6      | Killed Eustachio
  6171 | D:6      | Reached XP level 9. HP: 41/66 MP: 9/9
  6709 | D:7      | Reached skill level 9 in Long Blades
  6738 | D:7      | Found Oriojo's Distillery.
  6746 | D:7      | Bought a potion of heal wounds for 70 gold pieces
  6746 | D:7      | Bought a potion of curing for 42 gold pieces
  6746 | D:7      | Bought a potion of curing for 42 gold pieces
  6883 | D:7      | Reached skill level 10 in Dodging
  6976 | D:7      | Found Zesow's Jewellery Shoppe.
  7015 | D:7      | Noticed a hornet
  7022 | D:7      | Killed a hornet
  7120 | D:7      | Found Baoff's General Store.
  7122 | D:7      | Found Onacliod's Jewellery Emporium.
  7216 | D:7      | Found a glowing silver altar of Zin.
  7296 | D:7      | Found an ancient bone altar of Kikubaaqudgha.
  7378 | D:7      | Found Sapeso's Weapon Boutique.
  7378 | D:7      | Noticed a +0 demon trident
  7379 | D:7      | Noticed a +0 quick blade
  7434 | D:7      | Noticed an unseen horror
  7445 | D:7      | Killed an unseen horror
  7448 | D:7      | Reached skill level 10 in Long Blades
  7775 | D:7      | Identified a scroll of acquirement
  7776 | D:7      | Acquired 853 gold pieces
  7819 | D:7      | Bought the ring "Ceucs" {rF+ Will+ EV+5 Int+4 Stlth+} for
                  | 801 gold pieces
  7895 | D:8      | Noticed Pikel
  7921 | D:8      | Killed Pikel
  7922 | D:8      | Reached XP level 10. HP: 51/74 MP: 10/10
  8086 | D:8      | Found an iron altar of Okawaru.
  8240 | D:8      | Reached *** piety under Hepliaklqana
  9034 | D:9      | Noticed Grum
  9041 | D:9      | Reached skill level 10 in Fighting
  9052 | D:9      | Reached skill level 11 in Long Blades
  9056 | D:9      | Killed Grum
  9105 | D:9      | Identified the +5 morningstar of the Howling Gods {heavy,
                  | Int+2 Dex+4}
  9259 | D:9      | Found a staircase to the Lair.
  9504 | D:9      | Reached XP level 11. HP: 82/82 MP: 11/11
  9654 | D:9      | Reached skill level 12 in Long Blades
  9737 | D:9      | Found a staircase to the Orcish Mines.
 10043 | D:9      | Found a hide-covered altar of Uskayaw.
 10248 | D:10     | Entered Level 10 of the Dungeon
 10248 | D:10     | Found Lufijo's General Store.
 10263 | D:10     | Reached **** piety under Hepliaklqana
 10283 | D:10     | Noticed a manticore
 10296 | D:10     | Killed a manticore
 11000 | D:11     | Reached skill level 13 in Long Blades
 11192 | D:11     | Noticed a two-headed ogre
 11208 | D:11     | Killed a two-headed ogre
 11453 | D:11     | Identified the +5 short sword of the Gazing Fool {venom,
                  | rPois rF+ Str+5 Int-5}
 11483 | D:11     | Noticed a cyclops
 11491 | D:11     | Killed a cyclops
 11495 | D:11     | Noticed a two-headed ogre
 11502 | D:11     | Reached XP level 12. HP: 92/92 MP: 12/12
 11505 | D:11     | Killed a two-headed ogre
 12321 | D:12     | Found a runed translucent door.
 12324 | D:12     | Noticed Anon1729's ghost (journeyman MiMo)
 12326 | D:12     | Identified the +5 spear of Moral Flaws {flame, Int+3}
 12397 | D:12     | Reached skill level 15 in Dodging
 12508 | D:12     | Reached ***** piety under Hepliaklqana
 12601 | D:11     | HP: 4/92 [skeletal warrior/+0 long sword (26)]
 12867 | D:11     | Reached skill level 14 in Long Blades
 13846 | D:12     | Noticed a hell knight
 13868 | D:12     | Killed a hell knight
 14086 | D:12     | Noticed a hell knight
 14140 | D:12     | Noticed a hell knight
 14190 | D:13     | Noticed a centaur warrior
 14190 | D:13     | Noticed Nessos
 14190 | D:13     | Noticed Urug
 14190 | D:13     | Noticed Rupert
 14190 | D:13     | Noticed a five-headed hydra
 14190 | D:13     | Found a gate to the Vaults.
 14317 | Lair:1   | Entered Level 1 of the Lair of Beasts
 14509 | Lair:1   | Noticed Gastronok
 14533 | Lair:1   | Killed Gastronok
 14825 | Lair:1   | Noticed a death yak
 14831 | Lair:1   | Noticed a death yak
 14834 | Lair:1   | Noticed a death yak
 14863 | Lair:1   | Killed a death yak
 14982 | Lair:1   | Reached skill level 15 in Long Blades
 14986 | Lair:1   | Killed a death yak
 14987 | Lair:1   | Reached XP level 13. HP: 44/100 MP: 13/13
 15430 | Lair:1   | Noticed Nergalle
 15440 | Lair:1   | Killed Nergalle
 15886 | Lair:2   | Noticed Maggie
 15897 | Lair:2   | Killed Maggie
 15991 | Lair:2   | Noticed Amaemon
 16012 | Lair:2   | Killed Amaemon
 17199 | Lair:3   | Found a transporter.
 17239 | Lair:3   | Noticed Votaocegoa's ghost (journeyman GnWn)
 17271 | Lair:3   | Found a transporter.
 17856 | D:13     | Reached skill level 16 in Long Blades
 18021 | D:13     | Killed Urug
 18022 | D:13     | Reached skill level 15 in Fighting
 18218 | D:13     | Nessos changed into Nessos the mana viper
 18218 | D:13     | Noticed Nessos
 18225 | D:13     | Killed Nessos the mana viper
 18637 | D:13     | Reached XP level 14. HP: 110/110 MP: 14/14
 18669 | D:13     | Killed Rupert
 19123 | D:14     | Noticed Frances
 19138 | D:14     | Killed Frances
 19445 | D:14     | Reached skill level 17 in Long Blades
 19738 | D:13     | Acquired a +0 heavy triple sword
 19739 | D:13     | Acquired a manual of Ice Magic
 20971 | D:14     | Found a white marble altar of Elyvilon.
 21486 | D:15     | Entered Level 15 of the Dungeon
 21535 | D:15     | Noticed Josephine
 21605 | D:15     | Killed Josephine
 21693 | D:15     | Noticed a stone giant
 21697 | D:15     | Killed a stone giant
 21842 | D:15     | Found a staircase to the Depths.
 22152 | D:15     | Found a basalt altar of Yredelemnul.
 22842 | Lair:3   | Found a staircase to the Swamp.
 22986 | Lair:3   | Found a staircase to the Snake Pit.
 23246 | Lair:3   | Reached skill level 18 in Long Blades
 23444 | Lair:4   | Identified the +5 long sword "Hydrabane" {drain, rF+ Will+
                  | SInv}
 23489 | Lair:4   | Reached XP level 15. HP: 115/118 MP: 15/15
 23633 | Lair:4   | Reached skill level 19 in Long Blades
 23633 | Lair:4   | Reached XP level 16. HP: 125/125 MP: 16/16
 23729 | Lair:4   | Reached ****** piety under Hepliaklqana
 23910 | Lair:4   | Noticed Snorg
 23918 | Lair:4   | Killed Snorg
 24208 | Lair:5   | Entered Level 5 of the Lair of Beasts
 24576 | Lair:5   | Found a large runed translucent door.
 24577 | Lair:5   | Found a large runed translucent door.
 24695 | Lair:5   | Reached skill level 20 in Long Blades
 24810 | Lair:5   | Identified the +0 robe of Hugodill {rC+ rN+ Regen+ Str-5}
 25072 | Lair:5   | Found a viscous altar of Jiyva.
 25073 | Lair:5   | Found a staircase to the Slime Pits.
 25213 | Lair:5   | Found a bloodstained altar of Trog.
 25676 | Lair:5   | Identified the +7 plate armour of the Spheres {rC+ Str+2
                  | Dex+3}
 25923 | Orc:1    | Entered Level 1 of the Orcish Mines
 26017 | Orc:2    | Entered Level 2 of the Orcish Mines
 26076 | Orc:2    | Found a staircase to the Elven Halls.
 26090 | Orc:2    | Noticed Saint Roka
 26312 | Orc:2    | Killed Saint Roka
 26382 | Orc:2    | Found a dark tunnel.
 26406 | Orc:2    | Noticed Azrael
 26413 | Volcano  | Entered a volcano
 26867 | Orc:2    | Killed Azrael
 26927 | Orc:2    | Found Nelompef's Antique Armour Shop.
 26932 | Orc:2    | Found Gevomeoxt's Antique Weapon Shop.
 26936 | Orc:2    | Found Doiziyst's General Store.
 27044 | Orc:2    | Bought an ichor-stained troll leather armour for 340 gold
                  | pieces
 27044 | Orc:2    | Identified the +4 troll leather armour of the Fiddle
                  | {+Blink rElec rPois Regen+ Str-5} (You bought it in a shop
                  | on level 2 of the Orcish Mines)
 27094 | Orc:2    | Found Nivor's Vocational Training.
 27143 | Orc:2    | Reached skill level 21 in Long Blades
 27340 | Orc:2    | Found Onynga's Jewellery Shop.
 27679 | Orc:1    | Found Xyshrar's Self-Improvement Boutique.
 28146 | D:12     | Reached skill level 1 in Invocations
 28155 | D:12     | Killed Anon1729's ghost
 28156 | D:12     | Reached skill level 1 in Ice Magic
 28690 | D:12     | Reached skill level 1 in Evocations
 29304 | Swamp:1  | Entered Level 1 of the Swamp
 29311 | Swamp:1  | Reached XP level 17. HP: 91/128 MP: 18/18
 29706 | Swamp:1  | Identified the +3 pair of gloves of Wu Jian's Hatred {-Cast
                  | rN+++ Dex+6}
 29720 | Swamp:1  | Identified the +1 mace "Giantbane" {drain, *Noise rElec
                  | Will+}
 30138 | Swamp:2  | Slain by a bunyip

Illustrated notes

Levels and vault maps discovered:
D:1:      minmay_arrival_pointy, layout_basic
D:2:      layout_basic, serial_bayou, serial_bayou_crossing,
          serial_bayou_ford_a, serial_bayou_shore_a, serial_bayou_pond_c,
          minmay_statues_item, uniq_natasha
D:3:      layout_basic, grunt_gozag_breadcrumbs, lemuel_round_altar,
          lightli_sewer_entry_pipes
D:4:      layout_loops_ring, hangedman_decor_points
D:5:      layout_cave_pools, nemelex_xobeh_ov_fountains_minmay,
          nicolae_dithmenos_the_darkroom, mainiacjoe_overflow_cross_hatched,
          nicolae_ossuary_entry_plus, serial_demonic, serial_demonic_f,
          serial_demonic_d, serial_demonic_c, serial_demonic_g
D:6:      layout_basic, minmay_temple_entry_purple_smoke, uniq_eustachio,
          uniq_menkaure
D:7:      layout_loops_ring, lemuel_crystal_altar, mainiacjoe_overflow_alcove_1,
          serial_shops, nicolae_shop_mannequins, nicolae_shop_statue_plus, shop,
          nicolae_shop_tiny_statue_garden, nicolae_shop_statue_plus,
          minivault_25, minmay_manual_macuahuitl
D:8:      layout_loops_corners, okawaru_altar_gauntlet_db, kennysheep_dice,
          uniq_pikel
D:9:      layout_loops_cross, nicolae_uskayaw_dance_studio,
          hellmonk_lair_entry_icy, minmay_orc_entry_temple_small, uniq_grum
D:10:     layout_rooms, serial_shops, shop, st_stairs_12
D:11:     layout_rooms
D:12:     layout_loops_ring, ebering_ghost_funeral_grove, minmay_curled_crystal,
          minmay_rotating_lava
D:13:     layout_roguey, david_vaults_3
D:14:     layout_roguey [special_room_orc], elyvilon_altar_1, uniq_frances
D:15:     grunt_enter_depths_snipers, layout_basic, yredelemnul_altar_generic,
          uniq_josephine
Temple:   compressed_dpeg_triangle_lava_temple
Lair:1:   layout_small_grid, uniq_nergalle, uniq_gastronok
Lair:2:   layout_cave_shapes, cheibrodos_lair_lostbears, grunt_megastairs_5,
          uniq_amaemon, uniq_maggie
Lair:3:   layout_loops_ring, swamp_mist, dummy_snake_entry,
          gammafunk_ghost_wrathful_warriors, chequers_serial_rivers_marsh
Lair:4:   layout_hall_layers, st_stairs_11, serial_bayou_shore_b,
          serial_bayou_shore_b, lemuel_fruit_tree, uniq_snorg
Lair:5:   cheibrodos_lair_end_hotspot, layout_gridlike, dpeg_slime_entry_corner,
          lemuel_centaur_altar, uniq_nessos
Swamp:1:  layout_falls_marsh, evilmike_swamp_ruin_house_3
Swamp:2:  layout_basic_swamp, evilmike_swamp_ruin_house_6
Orc:1:    layout_caves, nicolae_shop_self_help
Orc:2:    grunt_orc_cross, layout_caves, nicolae_volcano_entry_hallway,
          basic_altar, roderic_batcave, nicolae_shop_vocational, uniq_azrael

Skill      XL: |  1  2  3  4  5  6  7  8  9 10 11 12 13 14 15 16 17 |
---------------+----------------------------------------------------+-----
Long Blades    | 4 5 6 7 8 10 11 13 15 16 18 19 21 | 21.6
Fighting       | 4 5 6 7 9 10 12 13 15 16 17 | 17.8
Dodging        | 5 6 7 9 11 12 14 16 17 19 20 | 20.8
Invocations    | 2 4 |  4.9
Ice Magic      | 2 3 |  3.5
Evocations     | 1 2 |  2.8

Action                     |  1- 3 |  4- 6 |  7- 9 | 10-12 | 13-15 | 16-18 || total
---------------------------+-------+-------+-------+-------+-------+-------++-------
  Melee: Falchion          |    52 |     2 |       |       |       |       ||    54
         Long sword        |       |   131 |   310 |   610 |   417 |       ||  1468
         Tailslap          |       |     2 |       |       |     1 |     2 ||     5
         Short sword       |       |       |       |    10 |   107 |       ||   117
         Triple sword      |       |       |       |       |   139 |   373 ||   512
         Punch             |       |       |       |       |     1 |       ||     1
  Throw: Javelin           |       |     3 |       |       |       |       ||     3
 Invoke: Recall Ancestor   |       |       |     2 |     6 |     4 |     4 ||    16
         Ancestor Life: He |       |       |     1 |       |       |       ||     1
         Idealise          |       |       |       |       |     1 |     1 ||     2
Ability: Evoke Blink       |       |       |       |       |       |     2 ||     2
  Evoke: Wand              |       |       |       |     3 |    12 |     6 ||    21
    Use: Potion            |     2 |     2 |       |     1 |     4 |     3 ||    12
         Scroll            |       |     5 |     5 |     7 |    22 |     2 ||    41
   Stab: Sleeping          |     1 |       |       |       |     2 |     5 ||     8
         Confused          |       |       |     5 |    27 |    13 |     8 ||    53
         Distracted        |       |       |     2 |     9 |    12 |     8 ||    31
         Paralysed         |       |       |       |       |       |    32 ||    32
 Armour: Robe              |    15 |    50 |    55 |    52 |   112 |    37 ||   321
         Skin              |    45 |     5 |       |       |       |       ||    50
         Troll leather arm |       |       |       |       |       |    15 ||    15
  Dodge: Dodged            |    47 |   174 |   313 |   680 |   977 |   676 ||  2867

Table legend: (Time is in decaauts)
 A = Elapsed time spent in this place.
 B = Non-inter-level travel time spent in this place.
 C = Inter-level travel time spent in this place.
 D = Time resting spent in this place.
 E = Time spent auto-exploring this place.
 F = Levels seen in this place.
 G = Mean time per level.
                   A        B        C        D        E       F      G
               +--------+--------+--------+--------+--------+-----+--------+
         Total |  29840 |  27603 |   2237 |   3748 |  18573 |  27 | 1105.2 |
       Dungeon |  20180 |  18633 |   1547 |   2890 |  12235 |  15 | 1345.3 |
        Temple |    510 |    485 |     25 |    138 |    335 |   1 |  510.0 |
          Lair |   6126 |   5717 |    409 |    347 |   4332 |   5 | 1225.2 |
         Swamp |    782 |    779 |      3 |    182 |    369 |   2 |  391.0 |
  Orcish Mines |   1682 |   1430 |    252 |    179 |    926 |   2 |  841.0 |
         Sewer |    112 |    112 |      0 |      0 |     58 |   1 |  112.0 |
       Volcano |    446 |    446 |      0 |     12 |    316 |   1 |  446.0 |
               +--------+--------+--------+--------+--------+-----+--------+

Top non-repeatable levels by time:
    D:12: 3243 daAuts
    D:14: 2016 daAuts
  Lair:1: 1690 daAuts
     D:6: 1679 daAuts
  Lair:5: 1579 daAuts
     D:9: 1546 daAuts
    D:13: 1347 daAuts
     D:4: 1281 daAuts
    D:11: 1273 daAuts
    D:15: 1242 daAuts
  Lair:2: 1197 daAuts
     D:8: 1196 daAuts
     D:7: 1156 daAuts
    D:10: 1063 daAuts
   Orc:2: 973 daAuts
